 Dungeon Crawl Stone Soup version 0.24.0-123-gd5b16e6ec5 (webtiles) character file.

Game seed: 14446212263251473171, levelgen mode: deterministic

221861 mortelune the Scorcher (level 19, -16/125 HPs)
             Began as a Gargoyle Fire Elementalist on Jan 18, 2020.
             Was a High Priest of Vehumet.
             Killed from afar by a crystal guardian (61 damage)
             ... with a crystal bolt
             ... in the Desolation of Salt.
             The game lasted 02:32:36 (63658 turns).

mortelune the Scorcher (GrFE)                      Turns: 63658, Time: 02:32:36

Health: -16/125    AC: 29    Str: 18 (19) XL:     19   Next: 22%
Magic:  20/36      EV: 16    Int: 29      God:    Vehumet [*****.]
Gold:   709        SH: 12    Dex: 14      Spells: 2/44 levels left

rFire    + + .     SeeInvis .   C - +5 flail (freeze)
rCold    x . .     Gourm    .   K - +1 buckler {reflect}
rNeg     + . .     Faith    .   O - +2 robe {MR+}
rPois    ∞         Spirit   .   X - +0 hat "Xyel" {rF+ Str+3} (curse)
rElec    +         Reflect  +   T - +1 cloak "Pijuip" {rPois Str+3 Dex+4}
rCorr    .         Harm     .   k - +2 pair of gloves
MR       +++..                  B - +1 pair of boots
Stlth    ++........             Y - +6 amulet of reflection
HPRegen  0.30/turn              v - ring of fire
MPRegen  0.25/turn              M - +4 ring of intelligence

@: flying
A: big wings, molten scales 1, clever 1, deterioration 1, magic resistance 1,
negative energy resistance 1, electricity resistance, unbreathing, petrification
resistance, rot immunity, AC +14
}: 1/15 runes: serpentine
a: Stop Flying, Renounce Religion


You were in the Desolation of Salt.
You worshipped Vehumet.
Vehumet was extremely pleased with you.
You were not hungry.

You visited 7 branches of the dungeon, and saw 33 of its levels.
You also visited: Desolation.

You collected 2915 gold pieces.
You spent 2206 gold pieces at shops.

Inventory:

Hand Weapons
 C - a +5 flail of freezing (weapon)
Missiles
 A - 480 stones (quivered)
Armour
 k - a +2 pair of gloves (worn)
 u - a +1 chain mail of fire resistance
 B - a +1 pair of boots (worn)
 K - a +1 buckler of reflection (worn)
 O - a +2 robe of magic resistance (worn)
 T - the +1 cloak "Pijuip" (worn) {rPois Str+3 Dex+4}
   (You bought it in a shop on level 2 of the Orcish Mines)

   It affects your strength (+3).
   It affects your dexterity (+4).
   It protects you from poison.
 X - the cursed +0 hat "Xyel" (worn) {rF+ Str+3}
   (You bought it in a shop on level 2 of the Orcish Mines)

   It affects your strength (+3).
   It protects you from fire.
   It has a curse placed upon it.
Magical Staves
 S - an uncursed staff of cold
Jewellery
 l - an uncursed ring of resist corrosion
 r - an uncursed ring of see invisible
 v - a ring of fire (left hand)
 M - a +4 ring of intelligence (right hand)
 P - an uncursed ring of protection from magic
 Y - a +6 amulet of reflection (around neck)
Wands
 i - a wand of digging (9)
 q - a wand of random effects (13)
 D - a wand of disintegration (40)
 G - a wand of paralysis (7)
 J - a wand of enslavement (10)
 U - a wand of acid (19)
 V - a wand of iceblast (33)
Scrolls
 e - 6 scrolls of amnesia
 g - 10 scrolls of teleportation
 h - 17 scrolls of remove curse
 j - a scroll of fog
 o - a scroll of blinking
 t - 8 scrolls of enchant armour
 w - 4 scrolls of enchant weapon
 y - 3 scrolls of magic mapping
 z - 2 scrolls of vulnerability
 I - 3 scrolls of brand weapon
 L - 11 scrolls of identify
 N - 3 scrolls of immolation
 R - 3 scrolls of summoning
 W - a scroll of holy word
Potions
 d - 4 potions of berserk rage
 f - 4 potions of brilliance
 m - 7 potions of flight
 n - 9 potions of curing
 p - 5 potions of might
 s - 4 potions of cancellation
 x - 2 potions of heal wounds
 E - 5 potions of mutation
 F - 2 potions of agility
 H - 4 potions of haste
 Q - 2 potions of invisibility
 Z - 2 potions of ambrosia
Comestibles
 a - 4 chunks of flesh
 c - 10 rations


   Skills:
 + Level 15.9 Fighting
 - Level 10.0 Maces & Flails
 - Level 10.1 Armour
 - Level 7.5 Dodging
 - Level 2.1 Stealth
 - Level 4.0 Shields
 * Level 13.0 Spellcasting
 - Level 10.7 Conjurations
 + Level 16.0 Fire Magic
 + Level 10.7 Air Magic


You had 2 spell levels left.
You knew the following spells:

 Your Spells              Type           Power        Failure   Level  Hunger
a - Flame Tongue          Conj/Fire      #####        0%          1    None
b - Ignition              Fire           ########..   7%          8    #######
c - Conjure Flame         Conj/Fire      #######.     1%          3    None
d - Sticky Flame          Conj/Fire      #######.     1%          4    None
e - Fireball              Conj/Fire      #######...   1%          5    ##.....
g - Airstrike             Air            ######....   1%          4    None
h - Bolt of Fire          Conj/Fire      #######...   1%          6    ####...
i - Summon Butterflies    Summ           ###.....     2%          1    None
q - Blink                 Tloc           N/A          4%          2    None
s - Lightning Bolt        Conj/Air       ######....   1%          5    ##.....
x - Mephitic Cloud        Conj/Pois/Air  ######..     1%          3    None

Your spell library contained the following spells:

 Spells                   Type           Power        Failure   Level  Hunger
 Conjure Ball Lightning   Conj/Air       ######....   1%          6    ####...
 Throw Flame              Conj/Fire      ######       0%          2    None
 Magic Dart               Conj           ####         1%          1    None
 Sandblast                Erth           ###...       1%          1    None
 Shock                    Conj/Air       ####         1%          1    None
 Swiftness                Chrm/Air       ######..     1%          2    None
 Beastly Appendage        Tmut           ###...       2%          1    None
 Call Imp                 Summ           ###.....     4%          2    None
 Corpse Rot               Necr           N/A          4%          2    None
 Passwall                 Tmut/Erth      ###.....     4%          2    None
 Slow                     Hex            ###.....     4%          2    None
 Sticks to Snakes         Tmut           ###.....     4%          2    None
 Inner Flame              Hex/Fire       #######.     1%          3    None
 Static Discharge         Conj/Air       ######..     1%          3    None
 Stone Arrow              Conj/Erth      ######       1%          3    None
 Bolt of Draining         Conj/Necr      ######....   2%          5    ##.....
 Call Canine Familiar     Summ           ###.....     9%          3    None
 Recall                   Summ/Tloc      N/A          9%          3    None
 Spider Form              Tmut/Pois      ###.......   9%          3    None
 Lee's Rapid Deconstruct  Erth           ###.......   19%         5    ##.....
 Animate Dead             Necr           N/A          26%         4    None
 Ice Form                 Ice/Tmut       ###.....     26%         4    None
 Petrify                  Tmut/Erth      ###.....     26%         4    None
 Summon Ice Beast         Ice/Summ       ###.....     26%         4    None
 Agony                    Necr           ###.....     58%         5    ##.....
 Blade Hands              Tmut           ###.......   58%         5    ##.....
 Borgnjor's Vile Clutch   Necr/Erth      ###.......   58%         5    ##.....
 Dispel Undead            Necr           ###.....     58%         5    ##.....
 Excruciating Wounds      Chrm/Necr      ###.......   58%         5    ##.....
 Summon Mana Viper        Hex/Summ       ###.....     58%         5    ##.....
 Death Channel            Necr           ###.......   99%         6    ####...
 Simulacrum               Ice/Necr       ###.......   99%         6    ####...
 Tornado                  Air            ######....   99%         9    #######
 Summon Hydra             Summ           ###.......   100%        7    ######.
 Shatter                  Erth           ###.......   100%        9    #######
 Sublimation of Blood     Necr           Unusable     N/A         2    N/A

Dungeon Overview and Level Annotations

Branches:
Dungeon (15/15)            Temple (1/1) D:5            Lair (6/6) D:8
  Swamp (4/4) Lair:4        Snake (4/4) Lair:3        Slime (0/5) Lair:5
    Orc (2/2) D:11            Elf (0/3) Orc:2        Vaults (1/5) D:14
 Depths (0/5) D:15        Desolation (1/1)

Altars:
Ashenzari
Cheibriados
Dithmenos
Elyvilon
Fedhas
Gozag
Hepliaklqana
Kikubaaqudgha
Makhleb
Nemelex Xobeh
Okawaru
Qazlal
Ru
Sif Muna
Trog
Uskayaw
Vehumet
Wu Jian
Xom
Yredelemnul
Zin
The Shining One
Beogh
Jiyva

Shops:
D:4 *   D:5 *   D:10 =   D:11 (   Orc:2 ([*:[

Annotations:
D:2 Robin
Swamp:4 Lernaean hydra


Innate Abilities, Weirdness & Mutations

You are resistant to torment.
Your stone body is resilient. (AC +14)
You are immune to poison.
Your large and strong wings let you fly indefinitely.
You resist negative energy. (rN+)
You are resistant to electric shocks. (rElec)
You can survive without breathing.
You are immune to petrification.
You are immune to rotting.
You are partially covered in molten scales. (AC +2)
Your mind is acute. (Int +2)
Your body sometimes deteriorates upon taking damage.
You are resistant to hostile enchantments. (MR+)


Message History

Casting: Sticky Flame (safe; 1% risk of failure)
Confirm with . or Enter, or press ? or * to list all spells.
Aiming: Airstrike (safe; 1% risk of failure)
Press: ? - help, Dir - move target cursor, f - crystal guardian
Aim: a crystal guardian The air twists around and strikes the crystal guardian but does no damage.
The crystal guardian hits you!!
Casting: Airstrike (safe; 1% risk of failure)
Confirm with . or Enter, or press ? or * to list all spells.
Aiming: Airstrike (safe; 1% risk of failure)
Press: ? - help, Dir - move target cursor, f/p - crystal guardian
Aim: a crystal guardian (salt)
The air twists around and strikes the crystal guardian!
The crystal guardian is lightly damaged.
The crystal guardian fires a crystalline bolt at you.
The crystal bolt freezes you!!!
You feel a terrible chill!
Your body deteriorates!
You feel weakened.
The crystal guardian fires a crystalline bolt at you.
The crystal bolt freezes you!!!
You feel a terrible chill!
You die...

,,,,,,,,,,,,,####################
,,,,#############################
,,,,#############################
,,,,...........................§§
,,,,....................#......§§
,8,,8..........................§.
,,,,...........#................§
,***#...........§§§.............§
**,,*#.8.....§8§@§§............§§
,,,,)=.......§§§§§§..)..........§
,,,,.).......§§§§§§............8.
**,,##.8.....§§§...........§.....
,***#.......§§§§§§§.........§.§..
,,,,........§§§§§§.........§§§§§.
,8,,8.....§.§§§§§..§.§....§§§.§§.
,,,,......§§,,§§§§§§.§....§§§§§.§
,,,,,,....,,,,§§§§§§§§....§§...§.


You could see a crystal guardian.

Vanquished Creatures
  A tentacled monstrosity (Swamp:4)
  Asterion (Snake:4)
  A thorn hunter (Swamp:1)
  Donald (Snake:3)
  6 nagarajas (Snake:4)
  An imperial myrmidon (Desolation)
  2 orc warlords
  The ghost of Ycoubaej the Sharpshooter, a journeyman KoHu of Okawaru (D:12)
  Nessos (Orc:2)
  A halazid warlock (Desolation)
  A dire elephant (D:15)
  5 ragged hierophants (Desolation)
  A vault guard (D:14)
  Josephine (Snake:1)
  3 peacekeepers (Desolation)
  13 naga warriors
  A shambling mangrove (Swamp:1)
  20 hydras
  4 servants of whispers
  A catoblepas (Lair:6)
  3 ghost crabs
  9 anacondas
  4 centaur warriors
  A death knight (D:14)
  14 alligators
  A merfolk avatar (Lair:6)
  11 two-headed ogres
  An ogre mage (Vaults:1)
  8 death yaks
  A shock serpent (Snake:3)
  Urug (Orc:1)
  12 naga sharpshooters
  2 orc high priests (Orc:2)
  A fire crab (Lair:5)
  3 salamander mystics
  An unseen horror (D:12)
  A spriggan druid (Swamp:3)
  3 swamp dragons
  A wizard (D:15)
  A necromancer (Lair:3)
  A lindwurm (Lair:4)
  3 deep elf magi
  6 naga ritualists
  6 orc knights
  5 orc sorcerers
  A harpy (Lair:6)
  7 ugly things
  12 mana vipers
  6 manticores
  7 salamanders
  3 cyclopes
  19 elephants
  5 guardian serpents
  36 black mambas
  6 centaur zombies
  23 naga magi
  An ice statue (Lair:5)
  A gargoyle (D:11)
  31 spiny frogs
  3 rime drakes
  A freezing wraith (Lair:5)
  9 komodo dragons
  A queen bee (shapeshifter) (Orc:2)
  2 polar bears
  11 trolls
  A wind drake (Lair:6)
  11 hornets
  17 blink frogs
  A harpy skeleton (D:15)
  12 tyrant leeches
  14 bog bodies
  32 saltlings
  6 dream sheep (Lair:6)
  12 hippogriffs
  21 slime creatures
  3 shadows
  A water elemental (D:15)
  6 spriggans
  10 wyverns
  5 wraiths (Snake:1)
  27 yaks
  A hungry ghost (D:15)
  11 vampire mosquitoes
  3 basilisks
  14 swamp worms
  24 insubstantial wisps
  5 wargs
  39 nagas
  A soldier ant (D:12)
  An acid dragon (D:12)
  9 water moccasins
  Duvessa (D:6)
  10 porcupines
  34 orc warriors
  9 swamp drakes
  3 phantoms
  2 eyes of draining
  5 sky beasts
  6 black bears
  A hornet zombie (D:9)
  17 ice beasts
  A necrophage (D:9)
  7 ogres
  21 centaurs
  5 wolves
  16 crocodiles
  A big kobold (D:11)
  12 bullfrogs
  A wyvern zombie (D:12)
  3 scorpions
  A wyvern skeleton (D:10)
  Dowan (D:6)
  10 wights
  7 killer bees
  2 howler monkeys
  11 electric eels
  5 crimson imps
  6 jellies
  11 hounds
  2 bullfrog zombies
  A quasit (D:7)
  13 orc priests
  20 orc wizards
  2 centaur skeletons
  Terence (D:2)
  2 iguanas
  8 worker ants
  4 yak simulacra (Lair:3)
  2 polar bear simulacra (Lair:3)
  2 killer bee zombies (D:8)
  2 wolf simulacra (Lair:3)
  A hound zombie (D:6)
  A worker ant zombie (D:6)
  4 gnolls (D:7)
  A howler monkey skeleton (D:10)
  4 adders
  3 shadow imps
  8 oozes
  A worm (D:3)
  3 dart slugs
  9 leopard geckos
  77 orcs
  6 bats
  4 giant cockroaches
  9 goblins
  15 hobgoblins
  13 jackals
  6 kobolds
  4 quokkas
  6 frilled lizards
  2 leopard gecko skeletons (D:4)
  9 rats
  3 river rat simulacra (Lair:3)
  6 fungi (Orc:2)
  A plant (Snake:3)
1102 creatures vanquished.

Vanquished Creatures (others)
  4 naga sharpshooters
  A deep elf archer (Vaults:1)
  A salamander (Snake:2)
  19 fungi
  27 plants
52 creatures vanquished.

Grand Total: 1154 creatures vanquished

Notes
Turn   | Place    | Note
-------+----------+-------------------------------------------
     0 | D:1      | mortelune the Gargoyle Fire Elementalist began the quest
                  | for the Orb.
     0 | D:1      | Reached XP level 1. HP: 10/10 MP: 3/3
   184 | D:1      | Reached XP level 2. HP: 15/15 MP: 1/5
   619 | D:1      | Learned a level 2 spell: Throw Flame
  1147 | D:2      | Reached XP level 3. HP: 19/19 MP: 1/6
  1998 | D:2      | Noticed Robin
  2085 | D:2      | Learned a level 3 spell: Conjure Flame
  2100 | D:2      | Reached XP level 4. HP: 23/24 MP: 1/7
  2145 | D:2      | Noticed Terence
  2177 | D:2      | Killed Terence
  2281 | D:2      | Reached skill level 4 in Fire Magic
  3174 | D:3      | Reached XP level 5. HP: 28/28 MP: 3/8
  4322 | D:3      | Found a sparkling altar of Nemelex Xobeh.
  4949 | D:4      | Reached XP level 6. HP: 32/32 MP: 7/10
  4955 | D:4      | Learned a level 4 spell: Sticky Flame
  5023 | D:4      | Found Tisiefob's General Store.
  5096 | D:4      | Noticed a phantom
  5513 | D:4      | Found a white marble altar of Elyvilon.
  5514 | D:4      | Found a shimmering blue altar of Sif Muna.
  5514 | D:4      | Found a shadowy altar of Dithmenos.
  5857 | D:5      | Entered Level 5 of the Dungeon
  5880 | D:5      | Reached skill level 5 in Fire Magic
  6534 | D:5      | Found a sacrificial altar of Ru.
  6631 | D:5      | Reached XP level 7. HP: 30/36 MP: 1/12
  6746 | D:5      | Reached skill level 5 in Conjurations
  6876 | D:5      | Found a glowing golden altar of the Shining One.
  6879 | D:5      | Found a burning altar of Makhleb.
  6882 | D:5      | Found a shattered altar of Ashenzari.
  6902 | D:5      | Found a staircase to the Ecumenical Temple.
  6910 | Temple   | Entered the Ecumenical Temple
  6988 | Temple   | Became a worshipper of Vehumet
  7180 | D:5      | Found Miot's Assorted Antiques.
  7187 | D:5      | Bought a moonstone ring for 125 gold pieces
  7361 | D:6      | Noticed Duvessa
  7384 | D:6      | Noticed Dowan
  7852 | D:6      | Found a burning altar of Makhleb.
  7858 | D:6      | Reached skill level 6 in Fire Magic
  8466 | D:6      | Found an ornate altar of the Wu Jian Council.
  8783 | D:6      | Killed Dowan
  8783 | D:6      | Reached skill level 1 in Fighting
  8783 | D:6      | Reached XP level 8. HP: 32/43 MP: 1/13
  9291 | D:6      | Killed Duvessa
  9401 | D:7      | Learned a level 5 spell: Fireball
  9611 | D:7      | Noticed a wyvern
  9621 | D:7      | Killed a wyvern
  9621 | D:7      | Reached skill level 7 in Fire Magic
 10301 | D:7      | Reached XP level 9. HP: 17/50 MP: 8/16
 10943 | D:8      | Noticed a troll
 11231 | D:8      | Reached * piety under Vehumet
 11231 | D:8      | Offered knowledge of Sandblast by Vehumet.
 11231 | D:8      | Reached skill level 5 in Spellcasting
 11329 | D:8      | Reached skill level 8 in Fire Magic
 11382 | D:8      | Learned a level 1 spell: Sandblast
 11383 | D:8      | Found a staircase to the Lair.
 12902 | D:8      | Reached XP level 10. HP: 52/58 MP: 13/18
 12992 | D:8      | Reached skill level 9 in Fire Magic
 13071 | D:8      | Offered knowledge of Shock by Vehumet.
 13078 | D:8      | Reached ** piety under Vehumet
 13600 | D:9      | Reached skill level 5 in Fighting
 14258 | D:9      | Found a bloodstained altar of Trog.
 14269 | D:9      | Offered knowledge of Searing Ray by Vehumet.
 14668 | D:9      | Reached *** piety under Vehumet
 14900 | D:10     | Entered Level 10 of the Dungeon
 15235 | D:10     | Reached skill level 10 in Conjurations
 15240 | D:10     | Offered knowledge of Olgreb's Toxic Radiance by Vehumet.
 15417 | D:10     | Reached skill level 10 in Fire Magic
 15797 | D:10     | Noticed a two-headed ogre
 15954 | D:10     | Noticed a two-headed ogre
 15980 | D:10     | Killed a two-headed ogre
 15980 | D:10     | Reached XP level 11. HP: 64/64 MP: 9/20
 16059 | D:9      | Killed a two-headed ogre
 16059 | D:9      | Reached skill level 1 in Armour
 16938 | D:10     | Found Fyemajot's Jewellery Shoppe.
 17010 | Lair:1   | Entered Level 1 of the Lair of Beasts
 17422 | Lair:1   | Reached **** piety under Vehumet
 18257 | Lair:1   | Offered knowledge of Irradiate by Vehumet.
 18261 | Lair:1   | Learned a level 2 spell: Blink
 18605 | Lair:1   | Reached skill level 11 in Fire Magic
 19392 | Lair:2   | Reached XP level 12. HP: 66/73 MP: 18/23
 19605 | Lair:2   | Reached skill level 5 in Armour
 19981 | Lair:2   | Gained mutation: You are partially covered in molten
                  | scales. (AC +2) [potion of mutation]
 19981 | Lair:2   | Gained mutation: Your mind is acute. (Int +2) [potion of
                  | mutation]
 19981 | Lair:2   | Gained mutation: Your body sometimes deteriorates upon
                  | taking damage. [potion of mutation]
 19981 | Lair:2   | Gained mutation: You are resistant to hostile enchantments.
                  | (MR+) [potion of mutation]
 21847 | Lair:3   | Noticed a five-headed hydra
 21860 | Lair:3   | Killed a five-headed hydra
 22099 | Lair:3   | Found a staircase to the Snake Pit.
 22390 | Lair:3   | Noticed a seven-headed hydra
 22406 | Lair:3   | Killed a seven-headed hydra
 22540 | Lair:3   | Reached ***** piety under Vehumet
 22540 | Lair:3   | Offered knowledge of Freezing Cloud by Vehumet.
 23006 | Lair:4   | You fall into a shaft and drop 1 floor!
 23042 | Lair:4   | Found a sacrificial altar of Ru.
 23069 | Lair:4   | HP: 1/76 [black mamba (9)]
 23075 | Lair:3   | Reached skill level 12 in Fire Magic
 23407 | Lair:3   | Learned a level 5 spell: Lightning Bolt
 24214 | Lair:3   | Reached skill level 1 in Air Magic
 24889 | Lair:4   | Found a staircase to the Swamp.
 25253 | D:10     | Bought an uncursed ring of fire for 350 gold pieces
 25410 | Lair:4   | Reached XP level 13. HP: 74/81 MP: 1/26
 25819 | Lair:5   | Learned a level 3 spell: Mephitic Cloud
 26084 | Lair:5   | Reached skill level 10 in Fighting
 28499 | Lair:5   | Found a staircase to the Slime Pits.
 28500 | Lair:5   | Found a viscous altar of Jiyva.
 28736 | Lair:6   | Entered Level 6 of the Lair of Beasts
 28879 | Lair:6   | Reached skill level 10 in Spellcasting
 29427 | Lair:5   | Reached skill level 1 in Maces & Flails
 29558 | Lair:6   | Gained mutation: Your large and strong wings let you fly
                  | indefinitely. [Gargoyle growth]
 29558 | Lair:6   | Reached XP level 14. HP: 44/90 MP: 20/28
 29622 | Lair:6   | Reached skill level 13 in Fire Magic
 31145 | Lair:6   | Reached skill level 5 in Air Magic
 31627 | Lair:6   | Reached skill level 10 in Armour
 32665 | D:11     | Found a staircase to the Orcish Mines.
 32804 | D:11     | Reached skill level 1 in Shields
 33676 | D:11     | Found Titoeb's Antique Weapon Shoppe.
 35739 | D:12     | Found a runed translucent door.
 35741 | D:12     | Noticed Ycoubaej's ghost (journeyman KoHu)
 35947 | Orc:1    | Entered Level 1 of the Orcish Mines
 36122 | Orc:1    | Found a roughly hewn altar of Beogh.
 36322 | Orc:1    | Reached skill level 5 in Maces & Flails
 36326 | Orc:1    | Noticed an orc warlord
 36834 | D:11     | Killed an orc warlord
 36834 | D:11     | Reached XP level 15. HP: 62/96 MP: 4/29
 37404 | Orc:1    | Noticed Urug
 37704 | Orc:1    | Killed Urug
 38052 | Orc:2    | Entered Level 2 of the Orcish Mines
 38081 | Orc:2    | Found Xoessafa's Antique Weapon Boutique.
 38642 | Orc:2    | Noticed an orc warlord
 38824 | Orc:1    | Killed an orc warlord
 39078 | Orc:2    | Noticed Nessos
 39100 | Orc:2    | Found Capur's Antique Armour Shoppe.
 39168 | Orc:2    | Offered knowledge of Force Lance by Vehumet.
 39686 | Orc:2    | Bought a bloodstained cloak for 304 gold pieces
 39686 | Orc:2    | Bought an ichor-stained hat for 288 gold pieces
 39686 | Orc:2    | Bought a twisted leather armour for 224 gold pieces
 39713 | Orc:2    | Identified the +1 cloak "Pijuip" {rPois Str+3 Dex+4} (You
                  | bought it in a shop on level 2 of the Orcish Mines)
 39723 | Orc:2    | Identified the cursed +0 hat "Xyel" {rF+ Str+3} (You bought
                  | it in a shop on level 2 of the Orcish Mines)
 39734 | Orc:2    | Identified the +1 leather armour of Beyond {rElec Int+4
                  | Dex-5} (You bought it in a shop on level 2 of the Orcish
                  | Mines)
 39975 | Orc:2    | Found Qoecvo Sucy's General Store.
 39980 | Orc:2    | Killed Nessos
 40213 | Orc:2    | Found Adigaphe's Book Shop.
 40235 | Orc:2    | Found a staircase to the Elven Halls.
 40314 | Orc:2    | Found Amydazas's Antique Armour Shop.
 40322 | Orc:2    | Bought an embroidered robe for 96 gold pieces
 40626 | D:12     | Killed Ycoubaej's ghost
 42870 | D:14     | Found a gate to the Vaults.
 43197 | D:15     | Entered Level 15 of the Dungeon
 44227 | D:15     | Offered knowledge of Venom Bolt by Vehumet.
 44459 | D:15     | Reached XP level 16. HP: 103/104 MP: 27/30
 44848 | D:15     | Found a stormy altar of Qazlal.
 45069 | D:15     | Reached skill level 14 in Fire Magic
 45110 | D:15     | Found a staircase to the Depths.
 45257 | D:10     | Bought a +6 amulet of reflection for 819 gold pieces
 45390 | Swamp:1  | Entered Level 1 of the Swamp
 45611 | Lair:4   | Learned a level 4 spell: Airstrike
 45725 | Swamp:1  | Noticed a thorn hunter
 45728 | Swamp:1  | Killed a thorn hunter
 47557 | Swamp:2  | Offered knowledge of Bolt of Fire by Vehumet.
 47929 | Swamp:2  | HP: 3/105 [alligator[an alligator] (5)]
 49345 | Swamp:3  | Reached skill level 5 in Dodging
 50613 | Swamp:4  | Entered Level 4 of the Swamp
 50922 | Swamp:4  | Reached XP level 17. HP: 90/111 MP: 20/31
 51162 | Swamp:4  | Learned a level 6 spell: Bolt of Fire
 51320 | Swamp:4  | Offered knowledge of Spellforged Servitor by Vehumet.
 51663 | Swamp:4  | Reached skill level 10 in Maces & Flails
 51764 | Swamp:4  | Noticed a tentacled monstrosity
 51783 | Swamp:4  | Killed a tentacled monstrosity
 52914 | Swamp:4  | Noticed the 27-headed Lernaean hydra
 53050 | Snake:1  | Entered Level 1 of the Snake Pit
 53078 | Snake:1  | Noticed Josephine
 53087 | Snake:1  | Killed Josephine
 54365 | Snake:1  | You are sucked into a shaft and drop 1 floor!
 55114 | Snake:2  | Reached skill level 15 in Fire Magic
 56696 | Snake:3  | Reached XP level 18. HP: 110/118 MP: 28/33
 56699 | Snake:3  | Learned a level 1 spell: Summon Butterflies
 57338 | Snake:3  | Offered knowledge of Ozocubu's Refrigeration by Vehumet.
 57338 | Snake:3  | Reached skill level 15 in Fighting
 57758 | Snake:3  | Noticed Donald
 57762 | Snake:3  | Killed Donald
 58252 | Snake:4  | Entered Level 4 of the Snake Pit
 59058 | Snake:4  | Reached skill level 10 in Air Magic
 60169 | Snake:4  | Noticed Asterion
 60173 | Snake:4  | Killed Asterion
 61501 | Snake:4  | Got a serpentine rune of Zot
 62136 | Vaults:1 | Entered Level 1 of the Vaults
 62239 | Vaults:1 | Found a ruined gateway.
 62354 | Desolati | Entered the Desolation of Salt
 62365 | Desolati | Learned a level 8 spell: Ignition
 62550 | Desolati | Reached XP level 19. HP: 90/125 MP: 35/35
 63020 | Desolati | Offered knowledge of Conjure Ball Lightning by Vehumet.
 63651 | Desolati | Reached skill level 16 in Fire Magic
 63658 | Desolati | Killed from afar by a crystal guardian

Levels and vault maps discovered:
D:1:      saegor_arrival_under_anarchy, layout_loops_ring
D:2:      layout_loops_ring, uniq_terence, uniq_robin
D:3:      kb_forest_paths, layout_basic, first_ration,
          nemelex_diamond_rough_becter
D:4:      layout_basic, gammafunk_temple_overflow_forgotten, serial_shops, shop,
          eino_tiny_chamber
D:5:      layout_basic, overflow_temple_1_default,
          grunt_temple_overflow_diamond, minmay_temple_entry_hall, serial_shops,
          nicolae_shop_trees
D:6:      layout_loops_ring, old_standard_altar, makhleb_heckhound_becter,
          uniq_duvessa
D:7:      layout_basic
D:8:      layout_loops_corners, erik_lair_island
D:9:      layout_cave_pools, trog_ov_bears_minmay,
          hangedman_little_slice_of_home
D:10:     layout_long_grid, serial_shops, shop
D:11:     layout_roguey, orc_0_dummy, serial_shops, kennysheep_mini
D:12:     layout_basic, ebering_ghost_reflecting_pool
D:13:     layout_basic, chequers_garden
D:14:     layout_cave_pools, david_vaults_5, chequers_serial_rivers_room_b
D:15:     hangedman_depths_entry_try_elsewhere_first, layout_irregular_city,
          lemuel_round_altar, lightli_minifort
Temple:   nicolae_temple_god_jail
Lair:1:   layout_hall_layers, grunt_megastairs_3
Lair:2:   layout_gridlike, serial_bayou_crossing, infiniplex_staircase_pool_2,
          grunt_megastairs_2
Lair:3:   layout_regular_city, guppyfry_snake_entry_garden,
          eino_house_with_fridge
Lair:4:   layout_gridlike, skrybe_swamp_entry_bodies, basic_altar,
          lemuel_fruit_fields
Lair:5:   layout_big_grid, slime_altar_1, ice2_lemuel
Lair:6:   gammafunk_lair_ancient_temple, layout_regular_city
Swamp:1:  layout_basic_swamp, evilmike_swamp_ruin_house_5, swamp_pool3
Swamp:2:  layout_basic_swamp, evilmike_swamp_ruin_rubble_1
Swamp:3:  layout_basic_swamp, serial_swamp_ruin, evilmike_swamp_ruin_house_2,
          evilmike_swamp_ruin_house_3, evilmike_swamp_ruin_house_1, swamp_pool1,
          infiniplex_staircase_pool
Swamp:4:  swamp_old_school, layout_basic_swamp, swamp_pool5
Snake:1:  layout_layer_cave, uniq_josephine
Snake:2:  layout_misc_corridors, nicolae_snake_serpentine_hallways, drop_trap,
          st_stairs_11
Snake:3:  layout_misc_corridors, grunt_ministairs_6, serial_bayou_shore_b,
          uniq_donald
Snake:4:  snake_pit, layout_chambers, uniq_asterion
Orc:1:    layout_caves, basic_altar, uniq_urug
Orc:2:    grunt_orc_gardens, layout_diamond_mine, grunt_orc_garden,
          grunt_orc_garden, grunt_orc_garden, grunt_orc_garden, serial_shops,
          shop, uniq_nessos
Vaults:1: nicolae_vaults_rhombus_6, v_misc_15, nicolae_vaults_network_s,
          nicolae_vaults_shelves_hall, nicolae_vaults_little_squares_2,
          vaults_room_ringed_pool, v_misc_22, v_rooms_3, vaults_room_pools,
          ontoclasm_vaults_pinch, hangedman_vaults_slice, vaults_dpeg_ring,
          layout_vaults_big_room, serial_shops, shop,
          portal_desolation_entry_salt
Desolation

Skill      XL: |  1  2  3  4  5  6  7  8  9 10 11 12 13 14 15 16 17 18 19 |
---------------+----------------------------------------------------------+-----
Conjurations   | 2 3 4 6 7 9 10 | 10.7
Fire Magic     | 4 5 6 7 8 10 11 12 13 14 15 16 | 16.0
Spellcasting   | 3 4 5 6 7 9 10 11 12 13 | 13.0
Fighting       | 1 3 4 6 8 9 11 12 13 14 15 | 15.9
Armour         | 4 7 9 10 | 10.1
Air Magic      | 1 4 6 7 8 9 10 | 10.7
Maces & Flails | 1 5 7 9 10 | 10.0
Shields        | 4 |  4.0
Dodging        | 3 5 6 7 |  7.5
Stealth        | |  2.1

Action                   |  1- 3 |  4- 6 |  7- 9 | 10-12 | 13-15 | 16-18 | 19-21 || total
-------------------------+-------+-------+-------+-------+-------+-------+-------++-------
Melee: Unarmed           |    15 |       |     7 |       |       |       |       ||    22
       Hand axe          |     6 |       |       |       |       |       |       ||     6
       Short sword       |       |    22 |    47 |       |       |       |       ||    69
       Flail             |       |       |     4 |    23 |   211 |   665 |    59 ||   962
 Cast: Flame Tongue      |    38 |    93 |   160 |   315 |   256 |   274 |    35 ||  1171
       Throw Flame       |    14 |    53 |    67 |   164 |   304 |   282 |       ||   884
       Conjure Flame     |       |     1 |     2 |     3 |    13 |     2 |       ||    21
       Sticky Flame      |       |       |    21 |    67 |   153 |   156 |    24 ||   421
       Fireball          |       |       |       |    35 |   215 |   170 |    10 ||   430
       Sandblast         |       |       |       |     2 |    22 |     8 |       ||    32
       Blink             |       |       |       |     3 |    11 |     4 |       ||    18
       Lightning Bolt    |       |       |       |    10 |    38 |    18 |     1 ||    67
       Mephitic Cloud    |       |       |       |       |     9 |     5 |       ||    14
       Airstrike         |       |       |       |       |       |    70 |     2 ||    72
       Bolt of Fire      |       |       |       |       |       |    13 |       ||    13
       Ignition          |       |       |       |       |       |     3 |     7 ||    10
 Abil: Fly               |       |       |       |       |     1 |       |       ||     1
  Use: Scroll            |       |    16 |     4 |     5 |    10 |     9 |       ||    44
       Potion            |       |       |     1 |     3 |     3 |     1 |     2 ||    10
 Stab: Confused          |       |       |       |       |       |     2 |       ||     2
  Eat: Chunk             |     4 |    15 |    21 |    22 |    43 |    34 |     1 ||   140
       Ration            |       |     1 |     1 |     9 |    16 |    13 |     2 ||    42
Armor: Robe              |     9 |    24 |    94 |   110 |   254 |   448 |    42 ||   981
       Leather armour    |       |       |       |       |    23 |       |       ||    23
Dodge: Dodged            |    28 |    35 |   153 |   151 |   262 |   493 |    55 ||  1177
Block: Buckler           |       |       |       |       |    61 |   550 |    45 ||   656
       Reflection        |       |       |       |       |       |    51 |       ||    51
